 Dungeon Crawl Stone Soup version 0.21-a0-426-g98080a9 (webtiles) character file.

167 GoodRolls the Conjurer (level 5, -1/28 HPs)
             Began as a Tengu Fire Elementalist on Nov 5, 2017.
             Slain by DarkwingDuck's ghost (13 damage)
             ... on level 3 of the Dungeon.
             The game lasted 00:06:33 (2381 turns).

GoodRolls the Conjurer (Tengu Fire Elementalist)    Turns: 2381, Time: 00:06:33

Health: -1/28      AC:  2    Str:  8    XL:     5   Next: 48%
Magic:  3/9        EV: 13    Int: 16    God:
Gold:   75         SH:  0    Dex: 15    Spells: 2/8 levels left

rFire    . . .     SeeInvis .   (no weapon)
rCold    . . .     Gourm    .   (no shield)
rNeg     . . .     Faith    .   a - +0 robe
rPois    .         Spirit   .   (helmet restricted)
rElec    .         Reflect  .   (no cloak)
rCorr    .         Harm     .   (no gloves)
MR       .....                  (boots unavailable)
Stlth    ++........             (no amulet)
HPRegen  0.09/turn              (no ring)
MPRegen  0.11/turn              (no ring)

@: no status effects
A: beak, talons 3, able to fly 1
a: Fly


You were on level 3 of the Dungeon.
You were hungry.

You visited 1 branch of the dungeon, and saw 4 of its levels.

You collected 75 gold pieces.

Inventory:

Armour
 a - a +0 robe (worn)
Scrolls
 e - a scroll of identify
Potions
 d - a potion of curing {unknown}
 g - a potion of degeneration {unknown}
 h - a potion of heal wounds
 i - a potion of flight {unknown}
 j - a potion of berserk rage
 m - a potion of resistance
Books
 b - a book of Flames

   Spells                             Type                      Level
   a - Flame Tongue                   Conjuration/Fire             1
   b - Throw Flame                    Conjuration/Fire             2
   c - Conjure Flame                  Conjuration/Fire             3
   d - Inner Flame                    Hexes/Fire                   3
   e - Sticky Flame                   Conjuration/Fire             4
   f - Fireball                       Conjuration/Fire             5
Comestibles
 c - 2 bread rations
 f - 4 fruits


   Skills:
 - Level 2.1 Dodging
 - Level 2.0 Stealth
 - Level 2.0 Spellcasting
 + Level 6.9 Conjurations
 - Level 3.2 Fire Magic


You had 2 spell levels left.
You knew the following spells:

 Your Spells              Type           Power        Failure   Level  Hunger
a - Flame Tongue          Conj/Fire      ###..        2%          1    #......
b - Throw Flame           Conj/Fire      ###...       3%          2    ###....
c - Conjure Flame         Conj/Fire      ###.....     8%          3    ###....


Dungeon Overview and Level Annotations

Branches:
Dungeon (4/15)
 Temple: D:4-7

Altars:
Hepliaklqana

Annotations:
D:3 DarkwingDuck's ghost, amateur TeFi


Innate Abilities, Weirdness & Mutations

You have a beak for a mouth.
You have claws for feet.
You can fly.


Message History

The flame tongue hits the ogre.
The ogre is severely wounded.
Casting: Flame Tongue
Confirm with . or Enter, or press ? or * to list all spells.
Aiming: Flame Tongue
Press: ? - help, Shift-Dir - straight line, f/p - ogre
Aim: an ogre, wielding a giant club (severely wounded)
The flame tongue hits the ogre.
You kill the ogre!
Your Conjurations skill increases to level 6!
You have reached level 5!
You have gained the ability to fly.
All of the chunks of flesh in your inventory have rotted away.
There is an open door here.
There is a stone staircase leading up here.
The gnoll hits you from afar with a halberd!
You climb upwards.
Level annotation: DarkwingDuck's ghost, amateur TeFi DarkwingDuck's ghost hits you!
You die...

.#.# .# .#.# #.# ... ... #.
#.####.### #. #........ #.
#..###.#####
#####.########+##..#........
#........##@............###.
#.........W...รท....#.#..##
#........##.##.###.#.#...#
#....(...##.#....#.#.#<..#
#........##.##...#.#.#...##.
.............................
.#...........##.#.#.#........
########....+......#...##.##
#....##.#.###........


You could see DarkwingDuck's ghost.

Vanquished Creatures
  An ogre (D:4)
  An iguana (D:4)
  An adder (D:2)
  A worm (D:2)
  A leopard gecko (D:1)
  A ball python (D:1)
  5 goblins
  7 hobgoblins
  5 kobolds
  A quokka (D:2)
  8 bats
  4 frilled lizards
  8 rats
44 creatures vanquished.

Notes
Turn   | Place    | Note
-------+----------+-------------------------------------------
     0 | D:1      | GoodRolls the Tengu Fire Elementalist began the quest for the Orb.
     0 | D:1      | Reached XP level 1. HP: 10/10 MP: 4/4
    66 | D:1      | Reached skill level 2 in Conjurations
   210 | D:1      | Reached XP level 2. HP: 15/15 MP: 4/6
   222 | D:1      | Reached skill level 3 in Conjurations
   244 | D:1      | Learned a level 2 spell: Throw Flame
  1003 | D:2      | Reached XP level 3. HP: 14/19 MP: 2/7
  1067 | D:2      | Learned a level 3 spell: Conjure Flame
  1119 | D:2      | Reached skill level 4 in Conjurations
  1763 | D:2      | Found a hazy altar of Hepliaklqana.
  1987 | D:3      | Noticed DarkwingDuck's ghost (amateur TeFi)
  2125 | D:4      | Reached skill level 5 in Conjurations
  2125 | D:4      | Reached XP level 4. HP: 6/24 MP: 1/8
  2302 | D:4      | Noticed an ogre
  2356 | D:4      | Killed an ogre
  2356 | D:4      | Reached skill level 6 in Conjurations
  2356 | D:4      | Gained mutation: You can fly. [Tengu growth]
  2356 | D:4      | Reached XP level 5. HP: 18/28 MP: 0/9
  2381 | D:3      | Slain by DarkwingDuck's ghost

Vault maps used:
D:1:      minmay_arrival_stone_box, serial_bayou_pond_b, minmay_misc_feat_tiny,
          serial_bayou_pond_e
D:2:      lemuel_round_altar, first_bread

Skill      XL: |  1  2  3  4 |
---------------+-------------+-----
Conjurations   | 2 3 5 6 |  6.9
Dodging        | |  2.1
Stealth        | |  2.0
Spellcasting   | |  2.0
Fire Magic     | |  3.2

Action                   |  1- 3 |  4- 6 || total
-------------------------+-------+-------++-------
Melee: Unarmed           |    14 |       ||    14
       Kick              |     5 |       ||     5
       Peck              |     2 |       ||     2
 Cast: Flame Tongue      |    61 |     8 ||    69
       Throw Flame       |    10 |       ||    10
       Conjure Flame     |     1 |     1 ||     2
  Use: Scroll            |     8 |       ||     8
  Eat: Chunk             |     5 |     1 ||     6
Armor: Robe              |     4 |       ||     4
Dodge: Dodged            |    25 |       ||    25

Table legend:
 A = Spawn XP
 B = Non-spawn XP
 C = Spawn XP percentage of total XP
 D = Spawn monster count
 E = Non-spawn monster count
 F = Spawn count percentage of total count
 G = Total turns spent on level
                    A         B        C        D         E        F      G
               +---------+---------+-------+---------+---------+-------+---------
         Total |       0 |     239 |   0.0 |       0 |      44 |   0.0 |  2381
               +---------+---------+-------+---------+---------+-------+---------
           D:1 |       0 |      29 |   0.0 |       0 |      20 |   0.0 |   983
           D:2 |       0 |      48 |   0.0 |       0 |      20 |   0.0 |  1013
           D:3 |       0 |       4 |   0.0 |       0 |       2 |   0.0 |    84
           D:4 |       0 |     158 |   0.0 |       0 |       2 |   0.0 |   301
               +---------+---------+-------+---------+---------+-------+---------
